Map: Catalyst LE

Players

Poizon - Winner!

  • Race: Protoss Protoss
  • Spawn Location: 11:00

scorplingg

  • Race: Zerg Zerg
  • Spawn Location: 5:00

Event: WCS Austin 2018

VOD

Have the link to the VOD?

Description

Time

  • Played on: June 1, 2018, 2:45 p.m.
  • Length: 4:11

All games in this series

Show
View Real Time Build Order
Export as new Build Order

Poizon Protoss - Winner!

Build Orders:  

Get SALT Encoding   

  12  0:00  Probe  
  13  0:19  Probe  
  14  0:23  Pylon  
  14  0:31  Probe  
  15  0:43  Probe  
  15  0:44  Gateway  
  15  0:47  Assimilator  
  16  0:55  Probe  
  17  1:01  Pylon  
  17  1:18  Gateway  
  17  1:21  Forge  
  17  1:22  Zealot  
  19  1:33  Probe  
  20  1:48  Zealot  
  20  1:52  Cybernetics Core  
  22  2:02  Photon Cannon  
  22  2:11  Zealot  
  22  2:17  Photon Cannon  
  24  2:25  Probe  
  24  2:27  Zealot  
  27  2:34  Shield Battery  
  27  2:39  Probe  
  29  2:51  Probe  
  29  2:59  Photon Cannon  
  29  3:03  Probe  
  30  3:38  Probe  
  31  3:41  Pylon  
  31  3:42  Pylon  
  31  3:50  Photon Cannon  
  31  3:52  Assimilator  
  31  3:54  Pylon  
Show
View Real Time Build Order
Export as new Build Order

scorplingg Zerg 

Build Orders: Pool Only, Zergling Baneling 

Get SALT Encoding   

  12  0:01  Drone  
  13  0:07  Extractor  
  12  0:25  Spawning Pool  
  11  0:29  Drone  
  12  0:36  Drone  
  12  0:41  Drone  
  14  0:52  Overlord  
  14  1:02  Drone, Extractor  
  15  1:12  Metabolic Boost  
  15  1:15  Zergling x2  
  16  1:20  Zergling x2  
  17  1:25  Zergling x2  
  18  1:36  Zergling x2  
  18  1:39  Queen  
  21  1:45  Zergling x2  
  22  1:54  Baneling Nest  
  22  1:56  Zergling x2  
  22  2:06  Overlord  
  22  2:27  Zergling x2  
  23  2:30  Zergling x2  
  22  2:39  Zergling x2  
  23  2:53  Zergling x2  
  23  2:57  Baneling x2  
  23  2:58  Baneling x5  
  23  3:00  Zergling x6  
  23  3:04  Baneling  
  26  3:09  Zergling x2  
  27  3:13  Zergling x2  
  27  3:30  Zergling x6  
  27  3:32  Overlord  
  27  3:34  Baneling x2  
  28  3:35  Baneling  
  28  3:41  Zergling x2  
Tags
 
Add a new tag
Caveats
  • Supply blocks, unpowered buildings, or Contaminate may cause inaccurate times.
  • Supply counts are checked every 10 seconds.